 Dungeon Crawl Stone Soup version 0.21-a0-85-ga0cb861 (webtiles) character file.

72 Ordine the Skirmisher (level 4, -2/33 HPs)
             Began as an Octopode Fighter on June 25, 2017.
             Slain by a hobgoblin
             ... wielding a +0 club
              (5 damage)
             ... on level 2 of the Dungeon.
             The game lasted 00:02:44 (1290 turns).

Ordine the Skirmisher (Octopode Fighter)            Turns: 1290, Time: 00:02:45

Health: -2/33      AC:  1    Str: 20    XL:     4   Next: 26%
Magic:  4/4        EV: 11    Int: 10    God:
Gold:   63         SH:  9    Dex: 12    Spells: 3/3 levels left

rFire    . . .     SeeInvis .   a - +1 long sword
rCold    . . .     Gourm    .   b - +0 shield
rNeg     . . .     Faith    .   (helmet restricted)
rPois    .         Spirit   .   (no amulet)
rElec    .         Reflect  .   (no ring)
rCorr    .         Harm     .   (no ring)
MR       .....                  (no ring)
Stlth    ++........             (no ring)
HPRegen  0.11/turn              (no ring)
MPRegen  0.09/turn              (no ring)
                                (no ring)
                                (no ring)

@: mighty
A: almost no armour, stealthy swim, amphibious, 8 rings, constrict 8, camouflage
1, gelatinous body 1
a: no special abilities


You were on level 2 of the Dungeon.
You were not hungry.

You visited 1 branch of the dungeon, and saw 2 of its levels.

You collected 63 gold pieces.

Inventory:

Hand Weapons
 a - a +1 long sword (weapon)
Armour
 b - a +0 shield (worn)
Scrolls
 g - a scroll of blinking
 k - a scroll of remove curse
Potions
 e - a potion of ambrosia
 f - a potion of haste {unknown}
 h - a potion of degeneration {unknown}
 i - a potion of curing {unknown}
Comestibles
 d - a bread ration
 j - 7 chunks of flesh


   Skills:
 + Level 3.8 Fighting
 * Level 3.6 Long Blades
 - Level 3.0 Dodging
 - Level 3.0 Shields


You had 3 spell levels left.
You didn't know any spells.

Dungeon Overview and Level Annotations

Branches:
Dungeon (2/15)

Altars:


Innate Abilities, Weirdness & Mutations

You cannot wear most types of armour.
You are very stealthy in the water. (Stealth+)
You are amphibious.
You can wear up to eight rings at the same time.
You can use your tentacles to constrict eight enemies at once.
Your skin changes colour to match your surroundings (Stealth+).
Your rubbery body absorbs attacks. (AC +1, EV +1)


Message History

You kill the jackal!
The jackal misses you.
A hobgoblin comes into view. It is wielding a club.
You closely miss the jackal.
The hobgoblin shouts!
Your grab misses the jackal. Your squeeze misses the jackal.
The jackal closely misses you. The jackal bites you.
* * * LOW HITPOINT WARNING * * *
You closely miss the jackal. You grab the jackal. You constrict the jackal.
The jackal bites you.
* * * LOW HITPOINT WARNING * * *
You hit the jackal.
You kill the jackal!
Things that are here:
a jackal corpse; a leopard gecko corpse; a jackal corpse You barely miss the hobgoblin.
Your grab misses the hobgoblin. Your squeeze misses the hobgoblin.
The hobgoblin hits you with a club.
* * * LOW HITPOINT WARNING * * *
The hobgoblin hits you with a club.
You die...

##.###.# #........
#(..##.###########
#..###.<# #.##
##.# #.# #.# #.#
#.########## #.#
#(.......... #.#
#.########## #@#
#<# #g.......
#..####.# #..# #.#
#..# #.# ...# #.
#..> ##.#


You could see a hobgoblin.

Vanquished Creatures
  Robin (D:2)
  A gnoll (D:1)
  An adder (D:2)
  A worm (D:2)
  A leopard gecko (D:2)
  3 bats (D:1)
  2 giant cockroaches (D:1)
  12 goblins
  2 hobgoblins
  3 jackals (D:2)
  5 kobolds
  A frilled lizard (D:1)
  3 rats (D:1)
36 creatures vanquished.

Notes
Turn   | Place    | Note
-------+----------+-------------------------------------------
     0 | D:1      | Ordine the Octopode Fighter began the quest for the Orb.
     0 | D:1      | Reached XP level 1. HP: 16/16 MP: 1/1
    96 | D:1      | Reached XP level 2. HP: 21/21 MP: 2/2
   582 | D:1      | Reached XP level 3. HP: 5/26 MP: 3/3
  1239 | D:2      | Noticed Robin
  1249 | D:2      | Killed Robin
  1249 | D:2      | Reached XP level 4. HP: 13/33 MP: 4/4
  1290 | D:2      | Slain by a hobgoblin

Vault maps used:
D:1:      shiori_arrival_maze, moated_statue
D:2:      first_bread, uniq_robin

Skill      XL: |  1  2 |
---------------+-------+-----
Long Blades    | 3 |  3.6
Fighting       | |  3.8
Dodging        | |  3.0
Shields        | |  3.0

Action                   |  1- 3 |  4- 6 || total
-------------------------+-------+-------++-------
Melee: Long sword        |    55 |    10 ||    65
       Constrict         |    20 |     3 ||    23
       Tentacles         |     7 |       ||     7
  Use: Scroll            |     7 |       ||     7
       Potion            |     1 |       ||     1
 Stab: Sleeping          |     3 |       ||     3
  Eat: Chunk             |     1 |       ||     1
Dodge: Dodged            |    30 |     4 ||    34
Block: Shield            |    31 |     5 ||    36
       Rpst.: Long sword |    11 |     1 ||    12
